 Dungeon Crawl Stone Soup version bcrawl-1.13.2 (webtiles) character file.

Game seed: 6018100690222939486

86 McKennaii the Magician (level 4, -3/33 HPs)
             Began as an Oni Wizard on Aug 12, 2019.
             Succumbed to an orc's poison
             ... on level 3 of the Dungeon.
             The game lasted 00:04:57 (2090 turns).

McKennaii the Magician (Oni Wizard)                 Turns: 2090, Time: 00:04:57

Health: -3/33      AC:  2    Str: 11    XL:     4   Next: 49%
Magic:  1/11       EV: 12    Int: 20    God:
Gold:   111        SH:  0    Dex:  9    Spells: 7/10 levels left

rFire    . . .     SeeInvis .   a - +0 staff
rCold    . . .     Gourm    .   (no shield)
rNeg     . . .     Faith    .   b - +0 animal skin
rPois    .         Spirit   .   c - +0 hat
rElec    .         Reflect  .   (no cloak)
rCorr    .         Harm     .   (no gloves)
MR       .....                  (no boots)
Stlth    ++........             (no amulet)
HPRegen  0.11/turn              (no ring)
MPRegen  0.12/turn              (no ring)

@: lethally poisoned (-3 -> -46)
A: oni magic, claws 1, fangs 1, horns 1
a: no special abilities


You were on level 3 of the Dungeon.
You were hungry.

You visited 1 branch of the dungeon, and saw 3 of its levels.

You collected 111 gold pieces.

Inventory:

Hand Weapons
 a - a +0 staff (weapon)
Armour
 b - a +0 animal skin (worn)
 c - a +0 hat (worn)
Scrolls
 e - a scroll of fog {unknown}
 g - 2 scrolls of enchant weapon {unknown}
 h - 2 scrolls of identify {unknown}
 i - 2 scrolls of remove curse {unknown}
 j - 3 scrolls of enchant armour {unknown}
Comestibles
 f - 3 rations {!d}


   Skills:
 + Level 1.9 Dodging
 + Level 1.9 Stealth
 * Level 3.5 Spellcasting


You had 7 spell levels left.
You knew the following spells:

 Your Spells              Type           Power        Failure   Level  Hunger
a - Magic Dart            Conj           ###.         2%          1    None
b - Call Imp              Summ           ###.....     3%          2    ##.....

Your spell library contained the following spells:

 Spells                   Type           Power        Failure   Level  Hunger
 Slow                     Hex            ###.....     2%          1    None
 Summon Butterflies       Summ           ###.....     2%          1    None
 Blink                    Tloc           N/A          3%          2    ##.....
 Searing Ray              Conj           ###...       3%          2    ##.....
 Conjure Flame            Conj/Fire      ###.....     10%         3    ###....
 Mephitic Cloud           Conj/Pois/Air  ###.....     10%         3    ###....


Dungeon Overview and Level Annotations

Branches:
Dungeon (3/12)

Altars:
Cheibriados
Hepliaklqana
Qazlal


Innate Abilities, Weirdness & Mutations

You learn spells by gaining experience, not through books or religion.
You only train spellcasting to practice magic.
You have sharp fingernails.
You have very sharp teeth.
You have a pair of small horns on your head.


Message History

You are more poisoned.
You hit the orc but do no damage.
The orc is severely wounded.
You feel very sick.
The orc hits you with a +1 whip of venom.
* * * LOW HITPOINT WARNING * * *
You are more poisoned.
You hit the orc but do no damage.
The orc is severely wounded.
* * * LOW HITPOINT WARNING * * *
You feel very sick. The orc barely misses you.
You hit the orc but do no damage. Your bite misses the orc.
The orc is severely wounded.
* * * LOW HITPOINT WARNING * * *
You feel very sick. The orc hits you but does no damage.
You hit the orc. Your headbutt misses the orc.
The orc is almost dead.
You die...

##..#
#...#
#..## #..#
#..# #..#
#..#
#.)####
#.@o..#
#.##......
#.# ......
#.# ..###
#.# ###
#.# #.#
#.#


You could see an orc.

Vanquished Creatures
  An orc wizard (D:3)
  An adder skeleton (D:2)
  A worm (D:2)
  A dart slug (D:1)
  4 leopard geckos
  An orc (D:3)
  2 giant cockroaches
  6 hobgoblins
  4 jackals (D:1)
  A quokka (D:2)
  6 bats
  2 frilled lizards (D:2)
  4 goblins (D:1)
  5 kobolds
  5 rats
44 creatures vanquished.

Notes
Turn   | Place    | Note
-------+----------+-------------------------------------------
     0 | D:1      | McKennaii the Oni Wizard began the quest for the Orb.
     0 | D:1      | Reached XP level 1. HP: 14/14 MP: 5/5
   211 | D:1      | Reached XP level 2. HP: 20/20 MP: 4/7
   645 | D:1      | Reached XP level 3. HP: 26/26 MP: 5/9
   965 | D:1      | Reached skill level 3 in Spellcasting
  1010 | D:1      | Learned a level 2 spell: Call Imp
  1160 | D:2      | Found a snail-covered altar of Cheibriados.
  1688 | D:2      | Found a hazy altar of Hepliaklqana.
  1952 | D:2      | Found a stormy altar of Qazlal.
  2074 | D:3      | Reached XP level 4. HP: 33/33 MP: 2/10
  2089 | D:3      | HP: 1/33 [poisoned by an orc]
  2090 | D:3      | Succumbed to an orc's poison

Skill      XL: |  1  2  3 |
---------------+----------+-----
Spellcasting   | 3 |  3.5
Dodging        | |  1.9
Stealth        | |  1.9

Action                   |  1- 3 |  4- 6 || total
-------------------------+-------+-------++-------
Melee: Staff             |     7 |    10 ||    17
       Bite              |     1 |       ||     1
 Cast: Magic Dart        |   104 |     5 ||   109
  Use: Potion            |       |     2 ||     2
  Eat: Chunk             |     3 |       ||     3
Armor: Animal skin       |     9 |     2 ||    11
Dodge: Dodged            |     7 |     9 ||    16
